 Dungeon Crawl Stone Soup version 0.26-a0-946-g9485abf61d (webtiles) character file.

Game seed: 738526701239149915

77 PentaManta the Ruffian (level 4, -5/38 HPs)
             Began as a Ghoul Monk on Nov 28, 2020.
             Slain by Sigmund
             ... wielding a +0 scythe
              (6 damage)
             ... on level 2 of the Dungeon.
             The game lasted 00:02:32 (1333 turns).

PentaManta the Ruffian (Ghoul Monk)                 Turns: 1333, Time: 00:02:32

Health: -5/38      AC:  6    Str: 15    XL:     4   Next: 33%
Magic:  3/3        EV: 11    Int:  5    God:
Gold:   46         SH:  0    Dex: 11    Spells: 3/3 levels left

rFire    . . .     SeeInvis +     - Unarmed
rCold    + . .     Faith    .   (no shield)
rNeg     + + +     Spirit   .   f - +0 ring mail
rPois    ∞         Reflect  .   c - +0 helmet
rElec    .         Harm     .   (no cloak)
rCorr    .         Rampage  .   (no gloves)
MR       .....                  (no boots)
Stlth    ..........             (no amulet)
HPRegen  0.00/turn              a - ring of attention (curse)
MPRegen  0.08/turn              k - ring of see invisible

@: confused
A: rotting body, claws 1, cold resistance 1, negative energy resistance 3,
inhibited regeneration, torment resistance, unbreathing
a: no special abilities


You were on level 2 of the Dungeon.
You visited 1 branch of the dungeon, and saw 2 of its levels.

You collected 46 gold pieces.

Inventory:

Hand Weapons
 e - a cursed -2 dagger
Missiles
 d - 18 poisoned darts (quivered)
Armour
 c - a +0 helmet (worn)
 f - a +0 ring mail (worn)
 h - a +1 pair of gloves
Jewellery
 a - a cursed ring of attention (left claw)
 i - a +4 ring of evasion {unknown}
 k - a ring of see invisible (right claw)
Scrolls
 b - a scroll of identify
 g - a scroll of fog {unknown}


   Skills:
 - Level 3.2 Fighting
 - Level 2.6 Dodging
 - Level 2.1 Stealth
 + Level 5.5 Unarmed Combat


You had 3 spell levels left.
You didn't know any spells.
Your spell library was empty.

Dungeon Overview and Level Annotations

Branches:
Dungeon (2/15)

Altars:

Annotations:
D:2 Sigmund


Innate Abilities, Weirdness & Mutations

Your body is rotting away.
You thrive by killing the living.
You are immune to poison.
You have sharp fingernails.
Your flesh is cold resistant. (rC+)
You are immune to negative energy. (rN+++)
You do not regenerate when monsters are visible.
You are immune to unholy pain and torment.
You can survive without breathing.


Message History

Sigmund hits you with a +0 scythe. The rat bites you but does no damage.
The frilled lizard bites you.
* * * LOW HITPOINT WARNING * * *
You scratch Sigmund.
Sigmund is heavily wounded.
The rat barely misses you.
You're too confused!
Sigmund misses you. The rat completely misses you.
You scratch the rat.
You kill the rat!
The frilled lizard bites you but does no damage.
Sigmund hits you but does no damage.
You're too confused to move!
The frilled lizard closely misses you.
You scratch the frilled lizard.
You kill the frilled lizard!
Sigmund hits you from afar with a +0 scythe!
* * * LOW HITPOINT WARNING * * *
You're too confused to move!
Sigmund hits you from afar with a +0 scythe.
You die...

### ...# .....
#.#.######
##........#######
......[†@........
......@[#.#########
####.##.#..........
#. #.#..######## #
#.#).# #.#..#
#.#..########
#.#..........
#.#.#.######


You could see Sigmund (invisible).

Vanquished Creatures
  A hound (D:2)
  A worm (D:2)
  A dart slug (D:1)
  2 leopard geckos (D:1)
  2 giant cockroaches (D:1)
  6 goblins
  4 hobgoblins
  4 jackals (D:1)
  A ball python (D:1)
  4 bats
  6 frilled lizards
  2 kobolds (D:1)
  6 rats
40 creatures vanquished.

Notes
Turn   | Place    | Note
-------+----------+-------------------------------------------
     0 | D:1      | PentaManta the Ghoul Monk began the quest for the Orb.
     0 | D:1      | Reached XP level 1. HP: 19/19 MP: 0/0
   180 | D:1      | Reached XP level 2. HP: 22/26 MP: 1/1
   198 | D:1      | Reached skill level 4 in Unarmed Combat
   671 | D:1      | Reached XP level 3. HP: 30/31 MP: 2/2
  1060 | D:2      | Reached skill level 5 in Unarmed Combat
  1060 | D:2      | Reached XP level 4. HP: 38/38 MP: 3/3
  1313 | D:2      | Noticed Sigmund
  1332 | D:2      | HP: 1/38 [Sigmund/+0 scythe (9)]
  1333 | D:2      | Slain by Sigmund

Illustrated notes

Levels and vault maps discovered:
D:1:      lightli_iron_boxes, layout_loops_ring, bh_walls_and_bars
D:2:      layout_loops_ring, uniq_sigmund

Skill      XL: |  1  2  3 |
---------------+----------+-----
Unarmed Combat | 4 5 |  5.5
Fighting       | |  3.2
Dodging        | |  2.6
Stealth        | |  2.1

Action                   |  1- 3 |  4- 6 || total
-------------------------+-------+-------++-------
Melee: Unarmed           |    98 |    40 ||   138
       Punch             |       |     2 ||     2
  Use: Scroll            |     5 |       ||     5
       Potion            |       |     1 ||     1
 Stab: Sleeping          |     1 |       ||     1
Armor: Robe              |     6 |       ||     6
       Ring mail         |    23 |    25 ||    48
Dodge: Dodged            |    55 |    26 ||    81

Table legend: (Time is in decaauts)
 A = Elapsed time spent in this place.
 B = Non-inter-level travel time spent in this place.
 C = Inter-level travel time spent in this place.
 D = Time resting spent in this place.
 E = Time spent auto-exploring this place.
 F = Levels seen in this place.
 G = Mean time per level.
                   A        B        C        D        E       F      G
               +--------+--------+--------+--------+--------+-----+--------+
         Total |   1319 |   1316 |      3 |      0 |   1024 |   2 |  659.5 |
       Dungeon |   1319 |   1316 |      3 |      0 |   1024 |   2 |  659.5 |
               +--------+--------+--------+--------+--------+-----+--------+

Top non-repeatable levels by time:
     D:1: 940 daAuts
     D:2: 379 daAuts
